 Dungeon Crawl Stone Soup version 0.30-a0-652-gcc886f7154 (webtiles) character file.

Game seed: 8882545156706751355

147645 freelancePsychic the Nimble (level 16, -8/138 HPs)
             Began as a Demonspawn Delver on Jan 17, 2023.
             Was a High Priest of Ashenzari.
             Shot with an arrow by a naga sharpshooter (24 damage)
             ... on level 4 of the Snake Pit.
             The game lasted 01:21:03 (40577 turns).

freelancePsychic the Nimble (Demonspawn Delver)    Turns: 40577, Time: 01:21:04

Health: -8/138     AC: 15    Str: 12      XL:     16   Next: 92%
Magic:  8/28       EV: 22    Int: 13 (17) God:    Ashenzari [*****.]
Gold:   3141       SH:  5    Dex: 18      Spells: 13/32 levels left

rFire   + . .      SeeInvis +    w - +9 staff of Wucad Mu {*channel, Fort, Evo} (curse)
rCold   . . .      Faith    .    A - orb of the Ensconced Sybil {*channel, Elem, Melee} (curse)
rNeg    . . .      Spirit   .    a - +1 ring mail of Mahimun {Regen+}
rPois   .          Reflect  +    N - +2 helmet "Annoyance of Ashenzari" {Melee, Bglg} (curse)
rElec   .          Harm     .    (cloak unavailable)
rCorr   .          Rampage  .    q - +0 pair of gloves "Shackled Frustration" {Range, Evo} (curse)
Will    +....      Clarity  +    K - +0 pair of boots "Shattered Sybil" {Alch, Elem} (curse)
Stlth   ++                       Y - amulet "Ruined Jealousy" {Reflect SH+5, Self, Melee} (curse)
HPRegen 1.23/turn                u - ring "Unveiling Agnosticism" {rF+, Self, Comp} (curse)
MPRegen 0.21/turn                r - ring "Share My Secrets" {EV+5, Bglg, Fort} (curse)

@: lethally poisoned (-8 -> -8), very slightly contaminated
A: molten scales 2, demonic guardian 1, demonic magic 2, weakness stinger 3
a: Renounce Religion, Shatter the Chains


You were on level 4 of the Snake Pit.
You worshipped Ashenzari.
Ashenzari was extremely pleased with you.
You visited 5 branches of the dungeon, and saw 27 of its levels.
You also visited: Ossuary, Bailey, Gauntlet and Ice Cave.

You collected 4971 gold pieces.
You spent 1830 gold pieces at shops.

Inventory:

Hand Weapons
 w - the cursed +9 staff of Wucad Mu (weapon) {*channel, Fort, Evo}
   (You found it in a bailey)

   *Channel:  It occasionally powers its wielder's spells, but with a chance of
   causing confusion or draining the wielder's intelligence.
   It becomes more likely to activate and less likely to backfire with increased
   Evocations skill.
   It has a curse which improves the following skills: Fortitude: Armour and
   Shields.
   Evocations: Evocations.
Armour
 a - the +1 ring mail of Mahimun (worn) {Regen+}
   (You found it on level 4 of the Snake Pit)

   Regen:     It increases your rate of health regeneration.
 q - the cursed +0 pair of gloves "Shackled Frustration" (worn) {Range, Evo}
   (You found it on level 1 of the Dungeon)

   It has a curse which improves the following skills: Ranged Combat: Ranged
   Weapons and Throwing.
   Evocations: Evocations.
 t - a +0 troll leather armour
 A - the cursed orb of the Ensconced Sybil (worn) {*channel, Elem, Melee}
   (You found it on level 4 of the Dungeon)

   It has a curse which improves the following skills: Elements: Fire Magic, Ice
   Magic, Air Magic and Earth Magic.
   Melee Combat: Short Blades, Long Blades, Axes, Maces & Flails, Polearms,
   Staves and Unarmed Combat.
 K - the cursed +0 pair of boots "Shattered Sybil" (worn) {Alch, Elem}
   (You found it on level 3 of the Lair of Beasts)

   It has a curse which improves the following skills: Alchemy: Poison Magic and
   Transmutations.
   Elements:  Fire Magic, Ice Magic, Air Magic and Earth Magic.
 N - the cursed +2 helmet "Annoyance of Ashenzari" (worn) {Melee, Bglg}
   (You found it on level 5 of the Lair of Beasts)

   It has a curse which improves the following skills: Melee Combat: Short
   Blades, Long Blades, Axes, Maces & Flails, Polearms, Staves and Unarmed
   Combat.
   Beguiling: Conjurations, Hexes and Translocations.
 V - a +2 tower shield of cold resistance
Magical Staves
 o - a staff of conjuration
Jewellery
 r - the cursed ring "Share My Secrets" (right hand) {EV+5, Bglg, Fort}
   (You found it on level 6 of the Dungeon)

   [ring of evasion]

   EV:        It affects your evasion (+5).
   It has a curse which improves the following skills: Beguiling: Conjurations,
   Hexes and Translocations.
   Fortitude: Armour and Shields.
 u - the cursed ring "Unveiling Agnosticism" (left hand) {rF+, Self, Comp}
   (You found it on level 5 of the Dungeon)

   [ring of protection from fire]

   rF:        It protects you from fire.
   It has a curse which improves the following skills: Introspection: Fighting
   and Spellcasting.
   Companions: Summonings and Necromancy.
 v - a ring of flight
 z - a +6 ring of strength
 B - a ring of protection from cold
 T - a ring of positive energy
 U - a +6 ring of intelligence
 Y - the cursed amulet "Ruined Jealousy" (around neck) {Reflect SH+5, Self, Melee}
   (You found it in an ice cave)

   [amulet of reflection]

   It reflects blocked missile attacks.
   SH:        It affects your SH (+5).
   It has a curse which improves the following skills: Introspection: Fighting
   and Spellcasting.
   Melee Combat: Short Blades, Long Blades, Axes, Maces & Flails, Polearms,
   Staves and Unarmed Combat.
 Z - a ring of willpower
Wands
 g - a wand of digging (3)
 h - a wand of light (19)
 y - a wand of roots (13)
 C - a wand of mindburst (22)
 L - a wand of polymorph (12)
 P - a wand of flame (20)
 X - a wand of paralysis (10)
Scrolls
 c - 5 scrolls of fog
 i - 3 scrolls of poison
 k - 4 scrolls of amnesia
 l - 8 scrolls of teleportation {@r4}
 n - a scroll of torment
 p - 7 scrolls of magic mapping
 D - 6 scrolls of immolation
 F - 3 scrolls of blinking
 I - 3 scrolls of enchant weapon
 Q - 2 scrolls of butterflies
 R - 2 scrolls of brand weapon
 S - a scroll of fear
Potions
 d - 13 potions of curing {@q1}
 e - 2 potions of resistance
 f - 4 potions of heal wounds {@q2}
 j - 8 potions of haste {@q3}
 m - 7 potions of brilliance
 s - 12 potions of ambrosia
 x - 13 potions of might
 E - 2 potions of flight
 G - 2 potions of cancellation
 M - 3 potions of mutation
 O - 3 potions of magic
Miscellaneous
 H - a phantom mirror
 W - a phial of floods (quivered)


   Skills:
 - Level 12.7(16.1) Fighting
 - Level 7.7(12.2) Short Blades
 + Level 5.4(9.7) Staves
 - Level 1.7(4.1) Armour
 - Level 12.9 Dodging
 - Level 4.8 Stealth
 - Level 5.4(8.8) Spellcasting
 - Level 11.5(14.9) Conjurations
 - Level 6.3(8.6) Transmutations
 - Level 11.2(14.6) Air Magic
 + Level 5.7(9.1) Earth Magic
 - Level 12.5(15.9) Evocations


You had 13 spell levels left.
You knew the following spells:

 Your Spells              Type           Power      Damage    Failure   Level
a - Stone Arrow           Conj/Erth      74%        3d11      1%          3
b - Iron Shot             Conj/Erth      18%        9d4       28%         6
e - Arcjolt               Conj/Air       22%        1d32      1%          5
h - Irradiate             Conj/Tmut      18%        3d17      6%          5

Your spell library contained the following spells:

 Spells                   Type           Power      Damage    Failure   Level
 Beastly Appendage        Tmut           56%        N/A       1%          1
 Wereblood                Tmut           28%        N/A       1%          2
 Iskenderun's Battlesphe  Conj           44%        2d10      1%          5
 Hailstorm                Conj/Ice       25%        3d7       3%          3
 Vhi's Electric Charge    Tloc/Air       50%        N/A       3%          3
 Petrify                  Tmut/Erth      28%        N/A       7%          4
 Flame Wave               Conj/Fire      25%        2d8       12%         4
 Fulminant Prism          Conj/Hex       12%        3d8       12%         4
 Freezing Cloud           Conj/Ice/Air   15%        6-21      12%         5
 Spider Form              Tmut/Pois      17%        N/A       13%         3
 Lee's Rapid Deconstruct  Erth           14%        3d9*      17%         5
 Slow                     Hex            24%        N/A       22%         1
 Blade Hands              Tmut           14%        N/A       22%         5
 Blink                    Tloc           12%        N/A       32%         2
 Scorch                   Fire           12%        2d6       32%         2
 Silence                  Hex/Air        12%        N/A       32%         5
 Animate Armour           Summ/Erth      36%        N/A       36%         4
 Leda's Liquefaction      Hex/Erth       9%         N/A       36%         4
 Ice Form                 Ice/Tmut       17%        N/A       38%         4
 Confusing Touch          Hex            6%         N/A       54%         3
 Portal Projectile        Hex/Tloc       12%        N/A       54%         3
 Call Canine Familiar     Summ           6%         N/A       56%         3
 Vampiric Draining        Necr           6%         2d6       58%         3
 Statue Form              Tmut/Erth      18%        N/A       71%         6
 Storm Form               Tmut/Air       18%        N/A       88%         7
 Cause Fear               Hex            3%         N/A       91%         4
 Manifold Assault         Tloc           6%         N/A       91%         4
 Anguish                  Hex/Necr       3%         N/A       93%         4
 Olgreb's Toxic Radiance  Pois           6%         N/A       93%         4
 Metabolic Englaciation   Hex/Ice        3%         N/A       99%         5
 Summon Forest            Summ/Tloc      3%         N/A       99%         5
 Summon Mana Viper        Hex/Summ       6%         N/A       99%         5
 Maxwell's Capacitive Co  Air            21%        ∞         99%         8
 Simulacrum               Ice/Necr       3%         N/A       100%        6
 Summon Cactus Giant      Summ           3%         N/A       100%        6
 Dragon Form              Tmut           14%        N/A       100%        7
 Enfeeble                 Hex            3%         N/A       100%        7
 Ozocubu's Refrigeration  Ice            3%         4d8       100%        7
 Spellforged Servitor     Conj/Summ      12%        N/A       100%        7
 Ignition                 Fire           3%         3d4       100%        8
 Lehudib's Crystal Spear  Conj/Erth      18%        10d6      100%        8
 Polar Vortex             Ice            3%         N/A       100%        9


Dungeon Overview and Level Annotations

Branches:
Dungeon (15/15)            Temple (0/1) D:5            Lair (5/5) D:11
 Shoals (1/4) Lair:2        Snake (4/4) Lair:3        Slime (0/5) Lair:5
    Orc (2/2) D:11            Elf (0/3) Orc:2        Vaults (0/5) D:13
 Depths (0/4) D:15        Ossuary (visited)          Bailey (visited)
  IceCv (visited)         Gauntlet (visited)

Altars:
Ashenzari
Cheibriados
Gozag
Hepliaklqana
Makhleb
Nemelex Xobeh
Uskayaw
Wu Jian
Xom
Jiyva

Shops:
Orc:2 (!*[   Snake:3 :=:   Snake:4 =

Annotations:
D:2 Terence
D:4 exclusions: jelly and scorpion
D:7 3 runed translucent doors, mccafe's ghost, novice DrMo
D:9 exclusion: door, Gastronok
D:10 exclusion: 2 sensed monsters (detected)
D:11 3 runed translucent doors, petzl's ghost, novice FoDe
Lair:1 exclusion: 2 oklob plants
Lair:3 exclusion: electric eel
Lair:4 exclusion: oklob plant
Snake:2 exclusions: black mamba and shock serpent, Asterion


Innate Abilities, Weirdness & Mutations

You are mostly covered in molten scales. (AC +3)
A weak demonic guardian rushes to your aid.
Spells you cast may paralyse nearby enemies.
You have a sharp stinger which inflicts weakening toxins.


Message History

The naga sharpshooter gestures wildly while chanting.
Casting: Arcjolt (mildly dangerous; 1% risk of failure)
Confirm with . or Enter, or press ? or * to list all spells.
Electricity surges outward!
The naga sharpshooter is lightly wounded.
The naga ritualist is heavily wounded.
Malevolent energies surge around you. Magical energy flows into your mind!
The naga sharpshooter shoots an arrow.
The arrow hits you but does no damage.
Casting: Arcjolt (mildly dangerous; 1% risk of failure)
Confirm with . or Enter, or press ? or * to list all spells.
Electricity surges outward!
The naga sharpshooter is moderately wounded.
The naga ritualist is severely wounded.
Malevolent energies surge around you.
The naga ritualist suddenly stops moving!
Magical energy flows into your mind!
The naga sharpshooter gestures wildly while chanting.
The naga sharpshooter magically shoots an arrow.
The arrow hits you! The arrow freezes you.
Casting: Arcjolt (mildly dangerous; 1% risk of failure)
Confirm with . or Enter, or press ? or * to list all spells.
You miscast Arcjolt.
You are very lightly contaminated with residual magic.
Nothing appears to happen.
The naga sharpshooter spits poison at you.
The splash of poison hits you but does no damage.
You are poisoned.
You hit the naga sharpshooter.
You tail-slap the naga sharpshooter, but do no damage.
The naga sharpshooter is heavily wounded.
You feel sick.
The naga sharpshooter shoots an arrow.
The arrow hits you!!
* * * LOW HITPOINT WARNING * * *
A demonic guardian appears!
The arrow freezes you!
* * * LOW HITPOINT WARNING * * *
You sock the naga sharpshooter!
The naga sharpshooter is severely wounded.
You feel sick.
The naga ritualist is no longer paralysed.
The naga sharpshooter shoots an arrow.
The arrow hits you!!
You die...

* * # ,..,,∆ * #
#....#* * # #....#
####....* ##*
*#.....#**
#..,*#..#.#* ########
#...##....# ##.......
#..NN@#.∩.####..######
#..4##..........#
#.........#..##...#
#.......#######...#
#####...* ##### ####


You could see a naga sharpshooter (catching breath, ally target), a naga
ritualist and a friendly orange demon (summoned).

Vanquished Creatures
  Frances (D:14)
  Agnes (D:14)
  A white draconian (IceCv)
  A dire elephant (D:15)
  A minotaur (Gauntlet)
  2 fire dragons (D:12)
  Josephine (D:14)
  3 catoblepae
  11 hydras
  An ogre mage (D:15)
  10 anacondas
  4 boulder beetles
  5 two-headed ogres
  4 centaur warriors
  5 naga warriors
  5 tengu warriors
  5 orc high priests (Orc:2)
  5 shock serpents
  Urug (D:11)
  5 naga sharpshooters
  A skeletal warrior (D:13)
  A deep elf knight (D:13)
  Lodul (D:13)
  2 naga ritualists
  A deep elf archer (D:12)
  4 deep elf pyromancers
  9 orc knights
  A deep elf zephyrmancer (D:13)
  6 mana vipers
  6 manticores
  A wolf spider (Lair:5)
  7 ugly things
  An orc sorcerer (Orc:2)
  6 cyclopes
  3 fauns (Shoals:1)
  10 salamanders
  5 elephants (Lair:2)
  Joseph (D:7)
  2 ice statues (IceCv)
  A rust devil (Gauntlet)
  22 black mambas
  18 naga magi
  6 guardian serpents
  2 gargoyles
  15 cane toads
  2 unseen horrors
  3 centaur skeletons (D:13)
  Psyche (D:11)
  Maggie (Lair:2)
  A rime drake (shapeshifter) (D:12)
  3 tengu conjurers
  8 komodo dragons
  2 yaktaurs (D:13)
  A queen bee (D:15)
  7 rime drakes
  10 polar bears
  3 meliai (D:15)
  A merfolk (Shoals:1)
  4 trolls
  A tarantella (shapeshifter) (D:14)
  3 hornets (Lair:5)
  3 raiju
  A raiju (shapeshifter) (D:12)
  5 dream sheep (Lair:3)
  4 blink frogs (Lair:5)
  A snapping turtle (Shoals:1)
  3 shadows
  2 centaur simulacra (Gauntlet)
  12 slime creatures
  8 wraiths
  A ynoxinul (Gauntlet)
  2 vampires (D:14)
  40 yaks
  14 wyverns
  3 basilisks
  3 redbacks (Lair:5)
  3 steam dragons
  6 vampire mosquitoes
  34 nagas
  8 wargs
  26 water moccasins
  13 hell hounds (Lair:5)
  A floating eye (Lair:1)
  An acid dragon (shapeshifter) (D:12)
  2 sky beasts (D:8)
  29 orc warriors
  An ice beast (D:8)
  15 black bears
  19 ogres
  34 wolves
  19 centaurs
  4 kobold brigands
  3 necrophages
  13 bullfrogs
  A gnoll sergeant (D:5)
  4 scorpions
  A water moccasin zombie (Ossuary)
  3 wights (D:8)
  A hornet simulacrum (Gauntlet)
  25 killer bees
  2 lindwurm simulacra (IceCv)
  A howler monkey (D:7)
  9 komodo dragon simulacra (IceCv)
  18 jellies
  4 hounds
  4 iron imps (Gauntlet)
  3 gnoll boudas
  25 orc priests
  2 hell rats (Lair:4)
  17 orc wizards
  5 iguanas
  A boggart skeleton (D:13)
  A hound skeleton (D:4)
  3 mummies
  23 gnolls
  9 river rats (Lair:4)
  7 adders
  6 acid dragon simulacra (IceCv)
  3 shadow imps
  A white imp (D:5)
  An ufetubus (D:2)
  4 steam dragon simulacra (IceCv)
  4 adder zombies (Ossuary)
  4 dart slugs
  78 orcs
  8 endoplasms
  2 giant cockroaches
  7 goblins
  7 hobgoblins
  19 kobolds
  3 quokkas
  7 ball pythons
  10 bats
  5 frilled lizards
  4 gnoll zombies (Ossuary)
  2 goblin zombies (D:4)
  4 hobgoblin zombies (Ossuary)
  7 kobold zombies (Ossuary)
  22 orc zombies
  6 rats
971 creatures vanquished.

Vanquished Creatures (collateral kills)
  An anaconda (Snake:1)
  A naga sharpshooter (Snake:3)
  A shock serpent (Snake:3)
  A mana viper (Snake:4)
  An elephant (Lair:2)
  A black mamba (Snake:3)
  A slime creature (D:13)
  2 yaks
  A wyvern (D:8)
  2 nagas
  An orc warrior (D:6)
  A bullfrog (Lair:2)
  An orc priest (Orc:2)
  6 orcs
21 creatures vanquished.

Vanquished Creatures (others)
  An ogre mage (D:12)
  An orc (D:8)
  4 bushes (D:15)
  124 fungi
  143 plants
  11 toadstools (D:5)
284 creatures vanquished.

Grand Total: 1276 creatures vanquished

Notes
Turn   | Place    | Note
-------+----------+-------------------------------------------
     0 | D:5      | freelancePsychic the Demonspawn Delver began the quest for
                  | the Orb.
     0 | D:5      | Reached XP level 1. HP: 18/18 MP: 1/1
    21 | D:5      | Noticed a scorpion
   111 | D:4      | Found a sand-covered staircase.
   116 | D:4      | Gained mutation: You have a small tail. [demonic ancestry]
   116 | D:4      | Reached XP level 2. HP: 24/24 MP: 2/2
   118 | Ossuary  | Entered an ossuary
   225 | Ossuary  | Gained mutation: You have a tail ending in a sharp stinger.
                  | [demonic ancestry]
   225 | Ossuary  | Reached XP level 3. HP: 25/29 MP: 3/3
   583 | Ossuary  | Gained mutation: Spells you cast may paralyse adjacent
                  | enemies. [demonic ancestry]
   583 | Ossuary  | Reached XP level 4. HP: 21/37 MP: 4/4
   893 | D:3      | Gained mutation: You are partially covered in molten
                  | scales. (AC +2) [demonic ancestry]
   893 | D:3      | Reached XP level 5. HP: 40/43 MP: 5/5
  1002 | D:3      | Found a broken altar of Ashenzari.
  1790 | D:2      | Noticed Terence
  2842 | D:3      | Found a shimmering altar of Xom.
  3033 | D:4      | Found an ornate altar of the Wu Jian Council.
  3196 | D:4      | Gained mutation: You have a sharp stinger which inflicts
                  | weakening toxins. [demonic ancestry]
  3196 | D:4      | Reached XP level 6. HP: 40/50 MP: 6/6
  3660 | D:4      | Reached skill level 5 in Fighting
  3803 | D:4      | Found a burning altar of Makhleb.
  3960 | D:5      | Gained mutation: A weak demonic guardian rushes to your
                  | aid. [demonic ancestry]
  3960 | D:5      | Reached XP level 7. HP: 48/56 MP: 7/7
  4439 | D:5      | Found a hide-covered altar of Uskayaw.
  4614 | D:3      | Became a worshipper of Ashenzari the Shackled
  4779 | D:6      | Reached skill level 5 in Short Blades
  5080 | D:6      | Reached XP level 8. HP: 65/65 MP: 8/8
  5664 | D:6      | Reached skill level 5 in Dodging
  5893 | D:7      | Found a flagged portal.
  5906 | Bailey   | Entered a bailey
  6071 | Bailey   | Found the +9 staff of Wucad Mu {*channel}
  6349 | Bailey   | Noticed a gargoyle
  6382 | Bailey   | Killed a gargoyle
  6383 | Bailey   | Reached XP level 9. HP: 24/73 MP: 9/9
  7079 | D:7      | Noticed Joseph
  7247 | D:7      | Reached * piety under Ashenzari
  7319 | D:7      | Killed Joseph
  7574 | D:7      | Found a runed translucent gate.
  7574 | D:7      | Found a runed translucent gate.
  7574 | D:7      | Found a runed translucent gate.
  7575 | D:7      | Found an opulent altar of Gozag.
  7575 | D:7      | Noticed a two-headed ogre
  7576 | D:7      | Noticed mccafe's ghost (novice DrMo)
  8234 | D:8      | Reached skill level 1 in Conjurations
  8243 | D:8      | Reached skill level 1 in Earth Magic
  8625 | D:8      | Reached XP level 10. HP: 74/83 MP: 10/10
  8700 | D:8      | Reached ** piety under Ashenzari
  9258 | D:9      | Reached *** piety under Ashenzari
  9272 | D:9      | Learned a level 3 spell: Stone Arrow
  9387 | D:9      | Reached skill level 1 in Spellcasting
  9764 | D:9      | Noticed Gastronok
  9775 | D:9      | Identified the +6 plate armour "Pubugel" {Regen+ Int+5
                  | Dex-2}
  9925 | D:9      | Reached skill level 5 in Conjurations
 10494 | D:5      | Identified the cursed +0 short sword of Toth-Mos's Legacy
                  | {spect, Fort, Cun}
 10495 | D:5      | Identified the cursed +0 short sword of Toth-Mos's Legacy
                  | {spect, Fort, Cun}
 10501 | D:5      | Identified the cursed +0 short sword of Toth-Mos's Legacy
                  | {spect, Fort, Cun}
 10547 | D:5      | Identified the cursed +0 short sword of Toth-Mos's Legacy
                  | {spect, Fort, Cun}
 10813 | D:5      | Identified the cursed +0 short sword of Toth-Mos's Legacy
                  | {spect, Fort, Cun}
 10892 | D:5      | Identified the cursed +0 short sword of Toth-Mos's Legacy
                  | {spect, Fort, Cun}
 11016 | D:5      | Identified the cursed +0 short sword of Toth-Mos's Legacy
                  | {spect, Fort, Cun}
 11123 | D:5      | Identified the cursed +0 short sword of Toth-Mos's Legacy
                  | {spect, Fort, Cun}
 11127 | D:5      | Identified the cursed +0 short sword of Toth-Mos's Legacy
                  | {spect, Fort, Cun}
 11130 | D:5      | Identified the cursed +0 short sword of Toth-Mos's Legacy
                  | {spect, Fort, Cun}
 11131 | D:5      | Identified the cursed +0 short sword of Toth-Mos's Legacy
                  | {spect, Fort, Cun}
 11135 | D:5      | Identified the cursed +0 short sword of Toth-Mos's Legacy
                  | {spect, Fort, Cun}
 11138 | D:5      | Identified the cursed +0 short sword of Toth-Mos's Legacy
                  | {spect, Fort, Cun}
 11208 | D:5      | Found a staircase to the Ecumenical Temple.
 11289 | D:5      | Identified the cursed +0 short sword of Toth-Mos's Legacy
                  | {spect, Fort, Cun}
 11516 | D:10     | Entered Level 10 of the Dungeon
 11544 | D:10     | Identified the cursed +0 short sword of Toth-Mos's Legacy
                  | {spect, Fort, Cun}
 11547 | D:10     | Identified the cursed +0 short sword of Toth-Mos's Legacy
                  | {spect, Fort, Cun}
 11549 | D:10     | Identified the cursed +0 short sword of Toth-Mos's Legacy
                  | {spect, Fort, Cun}
 11571 | D:10     | Found a hazy altar of Hepliaklqana.
 11662 | D:10     | Identified the cursed +0 short sword of Toth-Mos's Legacy
                  | {spect, Fort, Cun}
 11701 | D:10     | Found a sparkling altar of Nemelex Xobeh.
 11702 | D:10     | Found an opulent altar of Gozag.
 11975 | D:10     | Identified the cursed +0 short sword of Toth-Mos's Legacy
                  | {spect, Fort, Cun}
 12008 | D:10     | Identified the cursed +0 short sword of Toth-Mos's Legacy
                  | {spect, Fort, Cun}
 12139 | D:10     | Gained mutation: Spells you cast may paralyse nearby
                  | enemies. [demonic ancestry]
 12139 | D:10     | Reached XP level 11. HP: 93/93 MP: 17/17
 12146 | D:10     | Found a snail-covered altar of Cheibriados.
 12506 | D:11     | Noticed a cyan ugly thing
 12512 | D:11     | Identified the cursed +0 short sword of Toth-Mos's Legacy
                  | {spect, Fort, Cun}
 12513 | D:11     | Killed a cyan ugly thing
 12514 | D:11     | Reached skill level 10 in Fighting
 12691 | D:11     | Found a runed translucent gate.
 12691 | D:11     | Found a runed translucent gate.
 12691 | D:11     | Found a runed translucent gate.
 12695 | D:11     | Found a staircase to the Orcish Mines.
 12704 | D:11     | Noticed Urug
 12768 | D:11     | Reached skill level 1 in Transmutations
 12774 | D:11     | Learned a level 5 spell: Irradiate
 12869 | D:11     | Identified the cursed +0 short sword of Toth-Mos's Legacy
                  | {spect, Fort, Cun}
 12886 | D:11     | Identified the cursed +0 short sword of Toth-Mos's Legacy
                  | {spect, Fort, Cun}
 12892 | D:11     | Identified the cursed +0 short sword of Toth-Mos's Legacy
                  | {spect, Fort, Cun}
 12896 | D:11     | Identified the cursed +0 short sword of Toth-Mos's Legacy
                  | {spect, Fort, Cun}
 12939 | D:11     | Identified the cursed +0 short sword of Toth-Mos's Legacy
                  | {spect, Fort, Cun}
 13031 | D:11     | Found a staircase to the Lair.
 13032 | D:11     | Noticed a brown ugly thing
 13040 | D:11     | Killed a brown ugly thing
 13047 | D:11     | Noticed Psyche
 13074 | D:11     | Identified the cursed +0 short sword of Toth-Mos's Legacy
                  | {spect, Fort, Cun}
 13132 | D:11     | Killed Psyche
 13194 | Lair:1   | Entered Level 1 of the Lair of Beasts
 13239 | Lair:1   | Identified the cursed +0 short sword of Toth-Mos's Legacy
                  | {spect, Fort, Cun}
 13457 | Lair:1   | Noticed an oklob plant
 13488 | Lair:1   | Identified the cursed +0 short sword of Toth-Mos's Legacy
                  | {spect, Fort, Cun}
 13615 | Lair:1   | Reached skill level 5 in Spellcasting
 13618 | Lair:1   | Identified the cursed +0 short sword of Toth-Mos's Legacy
                  | {spect, Fort, Cun}
 13681 | Lair:1   | Identified the cursed +0 short sword of Toth-Mos's Legacy
                  | {spect, Fort, Cun}
 13697 | Lair:1   | Noticed an oklob plant
 13725 | Lair:1   | Identified a scroll of acquirement
 13862 | Lair:1   | Paralysed by a floating eye for 4 turns
 13866 | Lair:1   | Identified the cursed +0 short sword of Toth-Mos's Legacy
                  | {spect, Fort, Cun}
 13874 | Lair:1   | Acquired 923 gold pieces
 14180 | Lair:1   | Learned a level 5 spell: Arcjolt
 14361 | Lair:2   | Identified the cursed +0 short sword of Toth-Mos's Legacy
                  | {spect, Fort, Cun}
 14404 | Lair:2   | Found a staircase to the Shoals.
 14409 | Lair:2   | Identified the cursed +0 short sword of Toth-Mos's Legacy
                  | {spect, Fort, Cun}
 14411 | Lair:2   | Identified the cursed +0 short sword of Toth-Mos's Legacy
                  | {spect, Fort, Cun}
 14414 | Lair:2   | Reached skill level 1 in Air Magic
 14414 | Lair:2   | Identified the cursed +0 short sword of Toth-Mos's Legacy
                  | {spect, Fort, Cun}
 14466 | Lair:2   | Noticed Maggie
 14473 | Lair:2   | Identified the cursed +0 short sword of Toth-Mos's Legacy
                  | {spect, Fort, Cun}
 14476 | Lair:2   | Identified the cursed +0 short sword of Toth-Mos's Legacy
                  | {spect, Fort, Cun}
 14478 | Lair:2   | Killed Maggie
 14629 | Lair:2   | Identified the cursed +0 short sword of Toth-Mos's Legacy
                  | {spect, Fort, Cun}
 14646 | Lair:2   | Identified the cursed +0 short sword of Toth-Mos's Legacy
                  | {spect, Fort, Cun}
 14653 | Lair:2   | Identified the cursed +0 short sword of Toth-Mos's Legacy
                  | {spect, Fort, Cun}
 14655 | Lair:2   | Identified the cursed +0 short sword of Toth-Mos's Legacy
                  | {spect, Fort, Cun}
 14657 | Lair:2   | Reached XP level 12. HP: 89/102 MP: 9/22
 14657 | Lair:2   | Identified the cursed +0 short sword of Toth-Mos's Legacy
                  | {spect, Fort, Cun}
 14659 | Lair:2   | Identified the cursed +0 short sword of Toth-Mos's Legacy
                  | {spect, Fort, Cun}
 14672 | Lair:2   | Identified the cursed +0 short sword of Toth-Mos's Legacy
                  | {spect, Fort, Cun}
 14676 | Lair:2   | Identified the cursed +0 short sword of Toth-Mos's Legacy
                  | {spect, Fort, Cun}
 14679 | Lair:2   | Reached skill level 5 in Transmutations
 14706 | Lair:2   | Identified the cursed +0 short sword of Toth-Mos's Legacy
                  | {spect, Fort, Cun}
 15013 | Lair:2   | Identified the cursed +0 short sword of Toth-Mos's Legacy
                  | {spect, Fort, Cun}
 15288 | Lair:2   | Identified the cursed +0 short sword of Toth-Mos's Legacy
                  | {spect, Fort, Cun}
 15356 | Lair:2   | Identified the cursed +0 short sword of Toth-Mos's Legacy
                  | {spect, Fort, Cun}
 15483 | Lair:2   | Noticed a five-headed hydra
 15503 | Lair:2   | Killed a five-headed hydra
 15581 | Lair:2   | Identified the cursed +0 short sword of Toth-Mos's Legacy
                  | {spect, Fort, Cun}
 15603 | Lair:2   | Noticed an eight-headed hydra
 15606 | Lair:2   | Killed an eight-headed hydra
 15667 | Lair:2   | Identified the cursed +0 short sword of Toth-Mos's Legacy
                  | {spect, Fort, Cun}
 15676 | Lair:2   | Identified the cursed +0 short sword of Toth-Mos's Legacy
                  | {spect, Fort, Cun}
 15678 | Lair:2   | Identified the cursed +0 short sword of Toth-Mos's Legacy
                  | {spect, Fort, Cun}
 15681 | Lair:2   | Identified the cursed +0 short sword of Toth-Mos's Legacy
                  | {spect, Fort, Cun}
 15686 | Lair:2   | Identified the cursed +0 short sword of Toth-Mos's Legacy
                  | {spect, Fort, Cun}
 15688 | Lair:2   | Identified the cursed +0 short sword of Toth-Mos's Legacy
                  | {spect, Fort, Cun}
 15692 | Lair:2   | Identified the cursed +0 short sword of Toth-Mos's Legacy
                  | {spect, Fort, Cun}
 15696 | Lair:2   | Identified the cursed +0 short sword of Toth-Mos's Legacy
                  | {spect, Fort, Cun}
 15699 | Lair:2   | Identified the cursed +0 short sword of Toth-Mos's Legacy
                  | {spect, Fort, Cun}
 15824 | Lair:2   | Identified the cursed +0 short sword of Toth-Mos's Legacy
                  | {spect, Fort, Cun}
 15828 | Lair:2   | Identified the cursed +0 short sword of Toth-Mos's Legacy
                  | {spect, Fort, Cun}
 15991 | Lair:2   | Identified the cursed +0 short sword of Toth-Mos's Legacy
                  | {spect, Fort, Cun}
 16169 | Lair:3   | Identified the cursed +0 short sword of Toth-Mos's Legacy
                  | {spect, Fort, Cun}
 16173 | Lair:3   | Identified the cursed +0 short sword of Toth-Mos's Legacy
                  | {spect, Fort, Cun}
 16178 | Lair:3   | Identified the cursed +0 short sword of Toth-Mos's Legacy
                  | {spect, Fort, Cun}
 16274 | Lair:3   | Identified the cursed +0 short sword of Toth-Mos's Legacy
                  | {spect, Fort, Cun}
 16323 | Lair:3   | Identified the cursed +0 short sword of Toth-Mos's Legacy
                  | {spect, Fort, Cun}
 16327 | Lair:3   | Identified the cursed +0 short sword of Toth-Mos's Legacy
                  | {spect, Fort, Cun}
 16329 | Lair:3   | Reached skill level 5 in Air Magic
 16339 | Lair:3   | Identified the cursed +0 short sword of Toth-Mos's Legacy
                  | {spect, Fort, Cun}
 16349 | Lair:3   | Reached **** piety under Ashenzari
 16384 | Lair:3   | Identified the cursed +0 short sword of Toth-Mos's Legacy
                  | {spect, Fort, Cun}
 16393 | Lair:3   | Identified the cursed +0 short sword of Toth-Mos's Legacy
                  | {spect, Fort, Cun}
 16396 | Lair:3   | Reached skill level 10 in Conjurations
 16674 | Lair:3   | Identified the cursed +0 short sword of Toth-Mos's Legacy
                  | {spect, Fort, Cun}
 16848 | Lair:3   | Reached ***** piety under Ashenzari
 16986 | Lair:3   | Identified the cursed +0 short sword of Toth-Mos's Legacy
                  | {spect, Fort, Cun}
 16992 | Lair:3   | Identified the cursed +0 short sword of Toth-Mos's Legacy
                  | {spect, Fort, Cun}
 16997 | Lair:3   | Identified the cursed +0 short sword of Toth-Mos's Legacy
                  | {spect, Fort, Cun}
 17000 | Lair:3   | Identified the cursed +0 short sword of Toth-Mos's Legacy
                  | {spect, Fort, Cun}
 17273 | Lair:3   | Found a staircase to the Snake Pit.
 17276 | Lair:3   | Identified the cursed +0 short sword of Toth-Mos's Legacy
                  | {spect, Fort, Cun}
 17537 | Lair:4   | Identified the cursed +0 short sword of Toth-Mos's Legacy
                  | {spect, Fort, Cun}
 17541 | Lair:4   | Identified the cursed +0 short sword of Toth-Mos's Legacy
                  | {spect, Fort, Cun}
 17548 | Lair:4   | Identified the cursed +0 short sword of Toth-Mos's Legacy
                  | {spect, Fort, Cun}
 17744 | Lair:4   | Identified the cursed +0 short sword of Toth-Mos's Legacy
                  | {spect, Fort, Cun}
 17789 | Lair:4   | Identified the cursed +0 short sword of Toth-Mos's Legacy
                  | {spect, Fort, Cun}
 17828 | Lair:4   | Noticed a four-headed hydra
 17843 | Lair:4   | Killed a four-headed hydra
 17844 | Lair:4   | Identified the cursed +0 short sword of Toth-Mos's Legacy
                  | {spect, Fort, Cun}
 17891 | Lair:4   | Identified the cursed +0 short sword of Toth-Mos's Legacy
                  | {spect, Fort, Cun}
 17898 | Lair:4   | Identified the cursed +0 short sword of Toth-Mos's Legacy
                  | {spect, Fort, Cun}
 17903 | Lair:4   | Identified the cursed +0 short sword of Toth-Mos's Legacy
                  | {spect, Fort, Cun}
 17912 | Lair:4   | Identified the cursed +0 short sword of Toth-Mos's Legacy
                  | {spect, Fort, Cun}
 18461 | Lair:5   | Entered Level 5 of the Lair of Beasts
 18461 | Lair:5   | Noticed an eight-headed hydra
 18559 | Lair:5   | Reached XP level 13. HP: 91/109 MP: 18/24
 18562 | Lair:5   | Identified the cursed +0 short sword of Toth-Mos's Legacy
                  | {spect, Fort, Cun}
 18684 | Lair:5   | Identified the cursed +0 short sword of Toth-Mos's Legacy
                  | {spect, Fort, Cun}
 18689 | Lair:4   | Identified the cursed +0 short sword of Toth-Mos's Legacy
                  | {spect, Fort, Cun}
 18761 | Lair:5   | Identified the cursed +0 short sword of Toth-Mos's Legacy
                  | {spect, Fort, Cun}
 18774 | Lair:5   | Identified the cursed +0 short sword of Toth-Mos's Legacy
                  | {spect, Fort, Cun}
 18777 | Lair:5   | Identified the cursed +0 short sword of Toth-Mos's Legacy
                  | {spect, Fort, Cun}
 18780 | Lair:5   | Identified the cursed +0 short sword of Toth-Mos's Legacy
                  | {spect, Fort, Cun}
 18788 | Lair:5   | Identified the cursed +0 short sword of Toth-Mos's Legacy
                  | {spect, Fort, Cun}
 18792 | Lair:4   | Identified the cursed +0 short sword of Toth-Mos's Legacy
                  | {spect, Fort, Cun}
 18917 | Lair:5   | Identified the cursed +0 short sword of Toth-Mos's Legacy
                  | {spect, Fort, Cun}
 18922 | Lair:5   | Identified the cursed +0 short sword of Toth-Mos's Legacy
                  | {spect, Fort, Cun}
 18948 | Lair:5   | Found a staircase to the Slime Pits.
 18949 | Lair:5   | Found a viscous altar of Jiyva.
 19114 | Lair:5   | Identified the cursed +0 short sword of Toth-Mos's Legacy
                  | {spect, Fort, Cun}
 19336 | Lair:5   | Identified the cursed +0 short sword of Toth-Mos's Legacy
                  | {spect, Fort, Cun}
 19338 | Lair:5   | Identified the cursed +0 short sword of Toth-Mos's Legacy
                  | {spect, Fort, Cun}
 19349 | Lair:5   | Identified the cursed +0 short sword of Toth-Mos's Legacy
                  | {spect, Fort, Cun}
 19349 | Lair:5   | Paralysed by a hornet for 3 turns
 19662 | Lair:5   | Identified the cursed +0 short sword of Toth-Mos's Legacy
                  | {spect, Fort, Cun}
 19666 | Lair:5   | Identified the cursed +0 short sword of Toth-Mos's Legacy
                  | {spect, Fort, Cun}
 19672 | Lair:5   | Identified the cursed +0 short sword of Toth-Mos's Legacy
                  | {spect, Fort, Cun}
 19682 | Lair:5   | Identified the cursed +0 short sword of Toth-Mos's Legacy
                  | {spect, Fort, Cun}
 19845 | Lair:5   | Identified the cursed +0 short sword of Toth-Mos's Legacy
                  | {spect, Fort, Cun}
 19850 | Lair:5   | Identified the cursed +0 short sword of Toth-Mos's Legacy
                  | {spect, Fort, Cun}
 19854 | Lair:5   | Identified the cursed +0 short sword of Toth-Mos's Legacy
                  | {spect, Fort, Cun}
 19881 | Lair:4   | Identified the cursed +0 short sword of Toth-Mos's Legacy
                  | {spect, Fort, Cun}
 20014 | Lair:5   | Identified the cursed +0 short sword of Toth-Mos's Legacy
                  | {spect, Fort, Cun}
 20029 | Lair:5   | Identified the cursed +0 short sword of Toth-Mos's Legacy
                  | {spect, Fort, Cun}
 20119 | Lair:5   | Identified the cursed +0 short sword of Toth-Mos's Legacy
                  | {spect, Fort, Cun}
 20293 | Lair:5   | Identified the cursed +0 short sword of Toth-Mos's Legacy
                  | {spect, Fort, Cun}
 20299 | Lair:5   | Identified the cursed +0 short sword of Toth-Mos's Legacy
                  | {spect, Fort, Cun}
 20307 | Lair:5   | Identified the cursed +0 short sword of Toth-Mos's Legacy
                  | {spect, Fort, Cun}
 20315 | Lair:5   | Identified the cursed +0 short sword of Toth-Mos's Legacy
                  | {spect, Fort, Cun}
 20325 | Lair:5   | Identified the cursed +0 short sword of Toth-Mos's Legacy
                  | {spect, Fort, Cun}
 20333 | Lair:5   | Identified the cursed +0 short sword of Toth-Mos's Legacy
                  | {spect, Fort, Cun}
 20345 | Lair:5   | Identified the cursed +0 short sword of Toth-Mos's Legacy
                  | {spect, Fort, Cun}
 20348 | Lair:5   | Identified the cursed +0 short sword of Toth-Mos's Legacy
                  | {spect, Fort, Cun}
 20351 | Lair:5   | Identified the cursed +0 short sword of Toth-Mos's Legacy
                  | {spect, Fort, Cun}
 20366 | Lair:5   | Identified the cursed +0 short sword of Toth-Mos's Legacy
                  | {spect, Fort, Cun}
 20417 | Lair:5   | Identified the cursed +0 short sword of Toth-Mos's Legacy
                  | {spect, Fort, Cun}
 20424 | Lair:5   | Identified the cursed +0 short sword of Toth-Mos's Legacy
                  | {spect, Fort, Cun}
 20437 | Lair:5   | Identified the cursed +0 short sword of Toth-Mos's Legacy
                  | {spect, Fort, Cun}
 20648 | Lair:5   | Identified the cursed +0 short sword of Toth-Mos's Legacy
                  | {spect, Fort, Cun}
 20896 | Lair:5   | Identified the cursed +0 short sword of Toth-Mos's Legacy
                  | {spect, Fort, Cun}
 20966 | Lair:5   | Identified the cursed +0 short sword of Toth-Mos's Legacy
                  | {spect, Fort, Cun}
 20969 | Lair:5   | Identified the cursed +0 short sword of Toth-Mos's Legacy
                  | {spect, Fort, Cun}
 20978 | Lair:5   | Identified the cursed +0 short sword of Toth-Mos's Legacy
                  | {spect, Fort, Cun}
 20985 | Lair:5   | Identified the cursed +0 short sword of Toth-Mos's Legacy
                  | {spect, Fort, Cun}
 21198 | Lair:5   | Identified the cursed +0 short sword of Toth-Mos's Legacy
                  | {spect, Fort, Cun}
 21203 | Lair:5   | Identified the cursed +0 short sword of Toth-Mos's Legacy
                  | {spect, Fort, Cun}
 21207 | Lair:5   | Reached XP level 14. HP: 108/120 MP: 19/25
 21220 | Lair:5   | Identified the cursed +0 short sword of Toth-Mos's Legacy
                  | {spect, Fort, Cun}
 21308 | Lair:5   | Identified the cursed +0 short sword of Toth-Mos's Legacy
                  | {spect, Fort, Cun}
 21364 | Lair:5   | Identified the cursed +0 short sword of Toth-Mos's Legacy
                  | {spect, Fort, Cun}
 21423 | Lair:5   | Identified the cursed +0 short sword of Toth-Mos's Legacy
                  | {spect, Fort, Cun}
 21430 | Lair:5   | Identified the cursed +0 short sword of Toth-Mos's Legacy
                  | {spect, Fort, Cun}
 21435 | Lair:5   | Identified the cursed +0 short sword of Toth-Mos's Legacy
                  | {spect, Fort, Cun}
 21447 | Lair:5   | Identified the cursed +0 short sword of Toth-Mos's Legacy
                  | {spect, Fort, Cun}
 21452 | Lair:5   | Identified the cursed +0 short sword of Toth-Mos's Legacy
                  | {spect, Fort, Cun}
 21461 | Lair:5   | Identified the cursed +0 short sword of Toth-Mos's Legacy
                  | {spect, Fort, Cun}
 21649 | Lair:5   | Identified the cursed +0 short sword of Toth-Mos's Legacy
                  | {spect, Fort, Cun}
 21654 | Lair:5   | Identified the cursed +0 short sword of Toth-Mos's Legacy
                  | {spect, Fort, Cun}
 21659 | Lair:5   | Identified the cursed +0 short sword of Toth-Mos's Legacy
                  | {spect, Fort, Cun}
 21671 | Lair:5   | Identified the cursed +0 short sword of Toth-Mos's Legacy
                  | {spect, Fort, Cun}
 21675 | Lair:5   | Identified the cursed +0 short sword of Toth-Mos's Legacy
                  | {spect, Fort, Cun}
 21682 | Lair:5   | Identified the cursed +0 short sword of Toth-Mos's Legacy
                  | {spect, Fort, Cun}
 21693 | Lair:5   | Identified the cursed +0 short sword of Toth-Mos's Legacy
                  | {spect, Fort, Cun}
 21703 | Lair:5   | Identified the cursed +0 short sword of Toth-Mos's Legacy
                  | {spect, Fort, Cun}
 21829 | Lair:5   | Identified the cursed +0 short sword of Toth-Mos's Legacy
                  | {spect, Fort, Cun}
 22235 | D:11     | Identified the cursed +0 short sword of Toth-Mos's Legacy
                  | {spect, Fort, Cun}
 22243 | D:11     | Identified the cursed +0 short sword of Toth-Mos's Legacy
                  | {spect, Fort, Cun}
 22308 | D:11     | Identified the cursed +0 short sword of Toth-Mos's Legacy
                  | {spect, Fort, Cun}
 22475 | D:11     | Identified the cursed +0 short sword of Toth-Mos's Legacy
                  | {spect, Fort, Cun}
 22482 | D:11     | Identified the cursed +0 short sword of Toth-Mos's Legacy
                  | {spect, Fort, Cun}
 22626 | D:11     | Noticed petzl's ghost (novice FoDe)
 22670 | D:11     | Identified the cursed +0 short sword of Toth-Mos's Legacy
                  | {spect, Fort, Cun}
 22673 | D:11     | Killed Urug
 23309 | D:12     | Identified the cursed +0 short sword of Toth-Mos's Legacy
                  | {spect, Fort, Cun}
 23359 | D:12     | Identified the cursed +0 short sword of Toth-Mos's Legacy
                  | {spect, Fort, Cun}
 23362 | D:12     | Identified the cursed +0 short sword of Toth-Mos's Legacy
                  | {spect, Fort, Cun}
 23463 | D:12     | Identified the cursed +0 short sword of Toth-Mos's Legacy
                  | {spect, Fort, Cun}
 23471 | D:12     | Identified the cursed +0 short sword of Toth-Mos's Legacy
                  | {spect, Fort, Cun}
 23491 | D:12     | Identified the cursed +0 short sword of Toth-Mos's Legacy
                  | {spect, Fort, Cun}
 23724 | D:12     | Identified the cursed +0 short sword of Toth-Mos's Legacy
                  | {spect, Fort, Cun}
 24005 | D:13     | Identified the cursed +0 short sword of Toth-Mos's Legacy
                  | {spect, Fort, Cun}
 24019 | D:13     | Reached skill level 10 in Air Magic
 24022 | D:13     | Found a gate leading to a gauntlet.
 24023 | D:13     | Identified the cursed +0 short sword of Toth-Mos's Legacy
                  | {spect, Fort, Cun}
 24036 | Gauntlet | Entered a Gauntlet
 24036 | Gauntlet | Found a large runed translucent door.
 24036 | Gauntlet | Found a large runed translucent door.
 24036 | Gauntlet | Found a large runed translucent door.
 24036 | Gauntlet | Found a large runed translucent door.
 24036 | Gauntlet | Found a large runed translucent door.
 24036 | Gauntlet | Found a large runed translucent door.
 24036 | Gauntlet | Found a large runed translucent door.
 24036 | Gauntlet | Found a large runed translucent door.
 24036 | Gauntlet | Found a runed translucent door.
 24036 | Gauntlet | Found a runed translucent gate.
 24036 | Gauntlet | Found a transporter.
 24036 | Gauntlet | Found a transporter.
 24036 | Gauntlet | Found a runed translucent gate.
 24036 | Gauntlet | Found a transporter.
 24036 | Gauntlet | Found a transporter.
 24076 | Gauntlet | Found a transporter.
 24077 | Gauntlet | Found a runed translucent gate.
 24077 | Gauntlet | Found a runed translucent door.
 24081 | Gauntlet | Found a large runed translucent door.
 24081 | Gauntlet | Found a large runed translucent door.
 24088 | Gauntlet | Found a transporter.
 24092 | Gauntlet | Found a transporter.
 24099 | Gauntlet | Found a transporter.
 24107 | Gauntlet | Found a transporter.
 24124 | Gauntlet | Found a transporter.
 24132 | Gauntlet | Found a transporter.
 24150 | Gauntlet | Found a transporter.
 24174 | Gauntlet | Found a large runed translucent door.
 24174 | Gauntlet | Found a large runed translucent door.
 24175 | Gauntlet | Found a large runed translucent door.
 24175 | Gauntlet | Found a large runed translucent door.
 24176 | Gauntlet | Found a large runed translucent door.
 24176 | Gauntlet | Found a large runed translucent door.
 24274 | Gauntlet | Identified the cursed +0 short sword of Toth-Mos's Legacy
                  | {spect, Fort, Cun}
 24283 | Gauntlet | Identified the cursed +0 short sword of Toth-Mos's Legacy
                  | {spect, Fort, Cun}
 24287 | Gauntlet | Identified the cursed +0 short sword of Toth-Mos's Legacy
                  | {spect, Fort, Cun}
 24521 | Gauntlet | Reached skill level 10 in Dodging
 24627 | Gauntlet | Identified the Thoughts on Bewitchment and Impulse
 24627 | Gauntlet | Identified the +0 war axe of the Blowfly {heavy, Int+3
                  | Dex+2}
 24834 | D:13     | Reached skill level 1 in Evocations
 25178 | D:13     | Identified the cursed +0 short sword of Toth-Mos's Legacy
                  | {spect, Fort, Cun}
 25182 | D:13     | Identified the cursed +0 short sword of Toth-Mos's Legacy
                  | {spect, Fort, Cun}
 25186 | D:13     | Identified the cursed +0 short sword of Toth-Mos's Legacy
                  | {spect, Fort, Cun}
 25243 | D:13     | Identified the cursed +0 short sword of Toth-Mos's Legacy
                  | {spect, Fort, Cun}
 25278 | D:13     | Identified the cursed +0 short sword of Toth-Mos's Legacy
                  | {spect, Fort, Cun}
 25549 | D:13     | Identified the cursed +0 short sword of Toth-Mos's Legacy
                  | {spect, Fort, Cun}
 25551 | D:13     | Identified the cursed +0 short sword of Toth-Mos's Legacy
                  | {spect, Fort, Cun}
 25687 | D:13     | Identified the cursed +0 short sword of Toth-Mos's Legacy
                  | {spect, Fort, Cun}
 25692 | D:13     | Identified the cursed +0 short sword of Toth-Mos's Legacy
                  | {spect, Fort, Cun}
 25747 | Orc:1    | Entered Level 1 of the Orcish Mines
 25750 | Orc:1    | Identified the cursed +0 short sword of Toth-Mos's Legacy
                  | {spect, Fort, Cun}
 25753 | Orc:1    | Identified the cursed +0 short sword of Toth-Mos's Legacy
                  | {spect, Fort, Cun}
 25780 | Orc:1    | Found a frozen archway.
 25789 | Orc:1    | Identified the cursed +0 short sword of Toth-Mos's Legacy
                  | {spect, Fort, Cun}
 25791 | IceCv    | Entered an ice cave
 25796 | IceCv    | Identified the cursed +0 short sword of Toth-Mos's Legacy
                  | {spect, Fort, Cun}
 25902 | IceCv    | Identified the cursed +0 short sword of Toth-Mos's Legacy
                  | {spect, Fort, Cun}
 26337 | IceCv    | Identified the cursed +0 short sword of Toth-Mos's Legacy
                  | {spect, Fort, Cun}
 26340 | IceCv    | Identified the cursed +0 short sword of Toth-Mos's Legacy
                  | {spect, Fort, Cun}
 26422 | IceCv    | Identified the cursed +0 short sword of Toth-Mos's Legacy
                  | {spect, Fort, Cun}
 26653 | IceCv    | Identified the cursed +0 short sword of Toth-Mos's Legacy
                  | {spect, Fort, Cun}
 26922 | IceCv    | Upgraded the game from 0.30-a0-639-g3916f1956a to
                  | 0.30-a0-652-gcc886f7154
 26981 | Orc:1    | Identified the cursed +0 short sword of Toth-Mos's Legacy
                  | {spect, Fort, Cun}
 26999 | Orc:1    | Identified the cursed +0 short sword of Toth-Mos's Legacy
                  | {spect, Fort, Cun}
 27002 | Orc:1    | Identified the cursed +0 short sword of Toth-Mos's Legacy
                  | {spect, Fort, Cun}
 27008 | Orc:1    | Identified the cursed +0 short sword of Toth-Mos's Legacy
                  | {spect, Fort, Cun}
 27011 | Orc:1    | Identified the cursed +0 short sword of Toth-Mos's Legacy
                  | {spect, Fort, Cun}
 27038 | Orc:1    | Identified the cursed +0 short sword of Toth-Mos's Legacy
                  | {spect, Fort, Cun}
 27068 | Orc:1    | Identified the cursed +0 short sword of Toth-Mos's Legacy
                  | {spect, Fort, Cun}
 27072 | Orc:1    | Identified the cursed +0 short sword of Toth-Mos's Legacy
                  | {spect, Fort, Cun}
 27084 | Orc:1    | Identified the cursed +0 short sword of Toth-Mos's Legacy
                  | {spect, Fort, Cun}
 27286 | Orc:1    | Identified the cursed +0 short sword of Toth-Mos's Legacy
                  | {spect, Fort, Cun}
 27295 | Orc:1    | Identified the cursed +0 short sword of Toth-Mos's Legacy
                  | {spect, Fort, Cun}
 27382 | Orc:1    | Identified the cursed +0 short sword of Toth-Mos's Legacy
                  | {spect, Fort, Cun}
 27384 | Orc:1    | Identified the cursed +0 short sword of Toth-Mos's Legacy
                  | {spect, Fort, Cun}
 27493 | Orc:1    | Identified the cursed +0 short sword of Toth-Mos's Legacy
                  | {spect, Fort, Cun}
 27607 | Orc:1    | Reached ****** piety under Ashenzari
 27633 | Orc:2    | Entered Level 2 of the Orcish Mines
 27649 | Orc:2    | Identified the cursed +0 short sword of Toth-Mos's Legacy
                  | {spect, Fort, Cun}
 27655 | Orc:2    | Identified the cursed +0 short sword of Toth-Mos's Legacy
                  | {spect, Fort, Cun}
 27660 | Orc:2    | Identified the cursed +0 short sword of Toth-Mos's Legacy
                  | {spect, Fort, Cun}
 27662 | Orc:2    | Identified the cursed +0 short sword of Toth-Mos's Legacy
                  | {spect, Fort, Cun}
 27668 | Orc:2    | Identified the cursed +0 short sword of Toth-Mos's Legacy
                  | {spect, Fort, Cun}
 27670 | Orc:2    | Identified the cursed +0 short sword of Toth-Mos's Legacy
                  | {spect, Fort, Cun}
 27674 | Orc:2    | Identified the cursed +0 short sword of Toth-Mos's Legacy
                  | {spect, Fort, Cun}
 27676 | Orc:2    | Identified the cursed +0 short sword of Toth-Mos's Legacy
                  | {spect, Fort, Cun}
 27722 | Orc:2    | Identified the cursed +0 short sword of Toth-Mos's Legacy
                  | {spect, Fort, Cun}
 27725 | Orc:2    | Identified the cursed +0 short sword of Toth-Mos's Legacy
                  | {spect, Fort, Cun}
 27727 | Orc:2    | Identified the cursed +0 short sword of Toth-Mos's Legacy
                  | {spect, Fort, Cun}
 27729 | Orc:2    | Identified the cursed +0 short sword of Toth-Mos's Legacy
                  | {spect, Fort, Cun}
 27731 | Orc:2    | Identified the cursed +0 short sword of Toth-Mos's Legacy
                  | {spect, Fort, Cun}
 27849 | Orc:2    | Identified the cursed +0 short sword of Toth-Mos's Legacy
                  | {spect, Fort, Cun}
 27893 | Orc:2    | Identified the cursed +0 short sword of Toth-Mos's Legacy
                  | {spect, Fort, Cun}
 27898 | Orc:2    | Identified the cursed +0 short sword of Toth-Mos's Legacy
                  | {spect, Fort, Cun}
 27903 | Orc:2    | Identified the cursed +0 short sword of Toth-Mos's Legacy
                  | {spect, Fort, Cun}
 27918 | Orc:2    | Found a staircase to the Elven Halls.
 28073 | Orc:2    | Identified the cursed +0 short sword of Toth-Mos's Legacy
                  | {spect, Fort, Cun}
 28083 | Orc:2    | Identified the cursed +0 short sword of Toth-Mos's Legacy
                  | {spect, Fort, Cun}
 28238 | Orc:2    | Identified the cursed +0 short sword of Toth-Mos's Legacy
                  | {spect, Fort, Cun}
 28240 | Orc:2    | Identified the cursed +0 short sword of Toth-Mos's Legacy
                  | {spect, Fort, Cun}
 28252 | Orc:2    | Reached XP level 15. HP: 125/129 MP: 17/27
 28462 | Orc:2    | Identified the cursed +0 short sword of Toth-Mos's Legacy
                  | {spect, Fort, Cun}
 28468 | Orc:2    | Identified the cursed +0 short sword of Toth-Mos's Legacy
                  | {spect, Fort, Cun}
 28469 | Orc:2    | Identified the cursed +0 short sword of Toth-Mos's Legacy
                  | {spect, Fort, Cun}
 28474 | Orc:2    | Identified the cursed +0 short sword of Toth-Mos's Legacy
                  | {spect, Fort, Cun}
 28482 | Orc:2    | Reached skill level 5 in Evocations
 28788 | Orc:2    | Identified the cursed +0 short sword of Toth-Mos's Legacy
                  | {spect, Fort, Cun}
 28796 | Orc:2    | Identified the cursed +0 short sword of Toth-Mos's Legacy
                  | {spect, Fort, Cun}
 28849 | Orc:2    | Identified the cursed +0 short sword of Toth-Mos's Legacy
                  | {spect, Fort, Cun}
 28861 | Orc:2    | Identified the cursed +0 short sword of Toth-Mos's Legacy
                  | {spect, Fort, Cun}
 28869 | Orc:2    | Identified the cursed +0 short sword of Toth-Mos's Legacy
                  | {spect, Fort, Cun}
 28872 | Orc:2    | Identified the cursed +0 short sword of Toth-Mos's Legacy
                  | {spect, Fort, Cun}
 28877 | Orc:2    | Identified the cursed +0 short sword of Toth-Mos's Legacy
                  | {spect, Fort, Cun}
 29109 | Orc:2    | Found Opaomm's Antique Weapon Shoppe.
 29112 | Orc:2    | Found Qifal's Assorted Antiques.
 29113 | Orc:2    | Found Cennant's Antique Armour Shoppe.
 29114 | Orc:2    | Found Reiwike's Distillery.
 29136 | Orc:2    | Bought 2 potions of haste for 300 gold pieces
 29136 | Orc:2    | Bought a potion of brilliance for 60 gold pieces
 29136 | Orc:2    | Bought a potion of curing for 45 gold pieces
 29136 | Orc:2    | Bought a potion of brilliance for 60 gold pieces
 29136 | Orc:2    | Bought a potion of brilliance for 60 gold pieces
 29136 | Orc:2    | Bought a potion of curing for 45 gold pieces
 29136 | Orc:2    | Bought a potion of might for 60 gold pieces
 29138 | Orc:2    | Bought a scroll of fear for 120 gold pieces
 29138 | Orc:2    | Bought a potion of haste for 300 gold pieces
 29138 | Orc:2    | Bought a potion of heal wounds for 150 gold pieces
 29253 | D:13     | Noticed Lodul
 29259 | D:13     | Identified the cursed +0 short sword of Toth-Mos's Legacy
                  | {spect, Fort, Cun}
 29266 | D:13     | Killed Lodul
 29360 | D:13     | Identified the cursed +0 short sword of Toth-Mos's Legacy
                  | {spect, Fort, Cun}
 29380 | D:13     | Identified the cursed +0 short sword of Toth-Mos's Legacy
                  | {spect, Fort, Cun}
 29386 | D:13     | Identified the cursed +0 short sword of Toth-Mos's Legacy
                  | {spect, Fort, Cun}
 29400 | D:13     | Identified the cursed +0 short sword of Toth-Mos's Legacy
                  | {spect, Fort, Cun}
 29514 | D:13     | Identified the cursed +0 short sword of Toth-Mos's Legacy
                  | {spect, Fort, Cun}
 29517 | D:13     | Identified the cursed +0 short sword of Toth-Mos's Legacy
                  | {spect, Fort, Cun}
 29539 | D:13     | Identified the cursed +0 short sword of Toth-Mos's Legacy
                  | {spect, Fort, Cun}
 29541 | D:13     | Identified the cursed +0 short sword of Toth-Mos's Legacy
                  | {spect, Fort, Cun}
 29544 | D:13     | Identified the cursed +0 short sword of Toth-Mos's Legacy
                  | {spect, Fort, Cun}
 29548 | D:13     | Identified the cursed +0 short sword of Toth-Mos's Legacy
                  | {spect, Fort, Cun}
 29580 | D:13     | Identified the cursed +0 short sword of Toth-Mos's Legacy
                  | {spect, Fort, Cun}
 29833 | D:13     | Identified the cursed +0 short sword of Toth-Mos's Legacy
                  | {spect, Fort, Cun}
 30050 | D:13     | Found a gate to the Vaults.
 30071 | D:14     | Identified the cursed +0 short sword of Toth-Mos's Legacy
                  | {spect, Fort, Cun}
 30082 | D:13     | Identified the cursed +0 short sword of Toth-Mos's Legacy
                  | {spect, Fort, Cun}
 30190 | D:14     | Identified the cursed +0 short sword of Toth-Mos's Legacy
                  | {spect, Fort, Cun}
 30192 | D:14     | Identified the cursed +0 short sword of Toth-Mos's Legacy
                  | {spect, Fort, Cun}
 30201 | D:14     | Identified the cursed +0 short sword of Toth-Mos's Legacy
                  | {spect, Fort, Cun}
 30211 | D:14     | Noticed Agnes
 30377 | D:14     | Noticed Frances
 30484 | D:14     | Killed Agnes
 30586 | D:14     | Identified the cursed +0 short sword of Toth-Mos's Legacy
                  | {spect, Fort, Cun}
 30638 | D:14     | Identified the cursed +0 short sword of Toth-Mos's Legacy
                  | {spect, Fort, Cun}
 30645 | D:14     | Identified the cursed +0 short sword of Toth-Mos's Legacy
                  | {spect, Fort, Cun}
 30963 | D:14     | Identified the cursed +0 short sword of Toth-Mos's Legacy
                  | {spect, Fort, Cun}
 31212 | D:14     | Noticed Josephine
 31292 | D:14     | Identified the cursed +0 short sword of Toth-Mos's Legacy
                  | {spect, Fort, Cun}
 31295 | D:14     | Killed Josephine
 31300 | D:14     | Identified the cursed +0 short sword of Toth-Mos's Legacy
                  | {spect, Fort, Cun}
 31366 | D:14     | Killed Frances
 31444 | D:15     | Entered Level 15 of the Dungeon
 31556 | D:15     | Identified the cursed +0 short sword of Toth-Mos's Legacy
                  | {spect, Fort, Cun}
 31561 | D:15     | Identified the cursed +0 short sword of Toth-Mos's Legacy
                  | {spect, Fort, Cun}
 31683 | D:15     | Found a staircase to the Depths.
 31696 | D:15     | Identified the cursed +0 short sword of Toth-Mos's Legacy
                  | {spect, Fort, Cun}
 31698 | D:15     | Identified the cursed +0 short sword of Toth-Mos's Legacy
                  | {spect, Fort, Cun}
 31704 | D:15     | Identified the cursed +0 short sword of Toth-Mos's Legacy
                  | {spect, Fort, Cun}
 31826 | D:15     | Identified the cursed +0 short sword of Toth-Mos's Legacy
                  | {spect, Fort, Cun}
 31833 | D:15     | Identified the cursed +0 short sword of Toth-Mos's Legacy
                  | {spect, Fort, Cun}
 31840 | D:15     | Identified the cursed +0 short sword of Toth-Mos's Legacy
                  | {spect, Fort, Cun}
 31845 | D:15     | Identified the cursed +0 short sword of Toth-Mos's Legacy
                  | {spect, Fort, Cun}
 31949 | D:15     | Identified the cursed +0 short sword of Toth-Mos's Legacy
                  | {spect, Fort, Cun}
 31952 | D:15     | Identified the cursed +0 short sword of Toth-Mos's Legacy
                  | {spect, Fort, Cun}
 32018 | D:15     | Identified the cursed +0 short sword of Toth-Mos's Legacy
                  | {spect, Fort, Cun}
 32028 | D:15     | Identified the cursed +0 short sword of Toth-Mos's Legacy
                  | {spect, Fort, Cun}
 32031 | D:15     | Reached skill level 10 in Evocations
 32032 | D:15     | Identified the cursed +0 short sword of Toth-Mos's Legacy
                  | {spect, Fort, Cun}
 32432 | D:15     | Identified the cursed +0 short sword of Toth-Mos's Legacy
                  | {spect, Fort, Cun}
 32434 | D:15     | Identified the cursed +0 short sword of Toth-Mos's Legacy
                  | {spect, Fort, Cun}
 32534 | D:15     | Identified the cursed +0 short sword of Toth-Mos's Legacy
                  | {spect, Fort, Cun}
 32702 | D:15     | Identified the cursed +0 short sword of Toth-Mos's Legacy
                  | {spect, Fort, Cun}
 32704 | D:15     | Gained mutation: You are mostly covered in molten scales.
                  | (AC +3) [demonic ancestry]
 32704 | D:15     | Reached XP level 16. HP: 136/136 MP: 11/27
 32880 | D:15     | Identified the cursed +0 short sword of Toth-Mos's Legacy
                  | {spect, Fort, Cun}
 33269 | Snake:1  | Entered Level 1 of the Snake Pit
 33269 | Snake:1  | Identified the +5 quarterstaff "Mablaeqa" {heavy, rF- rCorr
                  | Dex+9}
 33279 | Snake:1  | Identified the cursed +0 short sword of Toth-Mos's Legacy
                  | {spect, Fort, Cun}
 33281 | Snake:1  | Identified the cursed +0 short sword of Toth-Mos's Legacy
                  | {spect, Fort, Cun}
 33448 | Snake:1  | Identified the cursed +0 short sword of Toth-Mos's Legacy
                  | {spect, Fort, Cun}
 33451 | Snake:1  | Identified the cursed +0 short sword of Toth-Mos's Legacy
                  | {spect, Fort, Cun}
 33458 | Snake:1  | Identified the cursed +0 short sword of Toth-Mos's Legacy
                  | {spect, Fort, Cun}
 33465 | Snake:1  | Identified the cursed +0 short sword of Toth-Mos's Legacy
                  | {spect, Fort, Cun}
 33468 | Snake:1  | Identified the cursed +0 short sword of Toth-Mos's Legacy
                  | {spect, Fort, Cun}
 33971 | Snake:1  | Reached skill level 1 in Staves
 35334 | Snake:2  | Noticed Asterion
 37566 | Snake:3  | Reached skill level 1 in Armour
 38377 | Snake:3  | Found Fiustohi's Book Shoppe.
 38377 | Snake:3  | Found Degogage's Jewellery Shop.
 38378 | Snake:3  | Found Ridepris's Book Shoppe.
 38508 | Snake:3  | Acquired 627 gold pieces
 38678 | Shoals:1 | Entered Level 1 of the Shoals
 38957 | Shoals:1 | Noticed a kraken
 39150 | Snake:4  | Entered Level 4 of the Snake Pit
 39818 | Snake:4  | Identified the +1 ring mail of Mahimun {Regen+}
 39881 | Snake:3  | Bought a book of Power for 630 gold pieces
 39888 | Snake:3  | Learned a level 6 spell: Iron Shot
 40055 | Snake:4  | Reached skill level 5 in Earth Magic
 40178 | Snake:4  | Reached skill level 5 in Staves
 40551 | Snake:4  | Found Toprogul's Jewellery Shoppe.
 40577 | Snake:4  | Shot with an arrow by a naga sharpshooter

Illustrated notes

Levels and vault maps discovered:
D:1:      saegor_arrival_simple_c, layout_basic, hangedman_decor_slide_cut
D:2:      layout_basic, uniq_terence
D:3:      layout_basic, general_overflow_altar, lemuel_round_altar,
          amcnicky_mini_corridor_feature, hangedman_feature_mirror, minivault_27
D:4:      layout_loops_ring, makhleb_blood_cavern_becter,
          nicolae_wu_jian_immortal_techniques, nicolae_ossuary_entry_giza
D:5:      cheibrodos_fertilizer, layout_basic, zin_scriptorium,
          nicolae_uskayaw_dance_hall, minmay_temple_entry_waves,
          grunt_ministairs_9
D:6:      layout_gridville, kennysheep_little_box,
          minmay_a_box_with_orc_wizards_in_it
D:7:      hangedman_cross_stitches, layout_basic, enter_bailey_7,
          ebering_ghost_gozag, uniq_joseph
D:8:      layout_cave_pools, mainiacjoe_overflow_24_doors, minmay_fountain_box,
          minmay_bent
D:9:      layout_roguey, uniq_gastronok
D:10:     layout_basic, marbit_many_paths, mainiacjoe_overflow_brackets,
          grunt_temple_overflow_opulence, lemuel_mausoleum_altar_yredelemnul,
          item_on_display_a
D:11:     layout_layer_cave, due_lair_maze_entry_diamond, orc_0_dummy,
          gammafunk_ghost_icy, uniq_psyche, uniq_urug
D:12:     layout_small_grid, minivault_1, minmay_checkered_concentric_circles
D:13:     layout_cave_pools, hangedman_vaults_entry_quadrant_bands,
          gauntlet_entry_generic, uniq_lodul
D:14:     layout_cave_pools, nicolae_figureground_sparkle, uniq_josephine,
          uniq_frances, uniq_agnes
D:15:     hangedman_depths_entry_try_elsewhere_first, layout_gridville,
          special_room [special_room_bee], minmay_hedge_maze
Lair:1:   layout_chaotic_city, st_stairs_12, disabler_island, grunt_megastairs_2
Lair:2:   cheibrodos_lair_river_kwai, layout_small_grid, shoals_dummy_entry,
          fungi_pond_lemuel, uniq_maggie, uniq_nergalle
Lair:3:   layout_cave_pods, nicolae_snake_entry_squirm, serial_bayou_lake_a
Lair:4:   layout_gridlike, kennysheep_rathole
Lair:5:   hangedman_lair_tendril_chambers, layout_cave_pods,
          hangedman_lair_caniforms_friends, minmay_slime_entry_jelly_boxes
Shoals:1: layout_shoals, serial_shops, shop, centaur_isle
Snake:1:  layout_gridlike
Snake:2:  layout_honeycomb, uniq_asterion
Snake:3:  layout_honeycomb, minmay_shop_grove
Snake:4:  snake_pit_salamanders_mu, layout_misc_corridors, serial_shops,
          nicolae_shop_stone
Orc:1:    layout_caves, portal_ice_cave_entry_pillars_2, mines_bat_river
Orc:2:    st_orc_pillars, layout_diamond_mine

Skill      XL: |  1  2  3  4  5  6  7  8  9 10 11 12 13 14 15 16 |
---------------+-------------------------------------------------+-----
Short Blades   | 2 3 4 5 6 7 |  7.7
Fighting       | 4 5 6 7 9 10 11 12 | 12.7
Dodging        | 2 3 4 5 7 8 10 12 | 12.9
Conjurations   | 2 6 8 10 11 | 11.5
Earth Magic    | 1 4 5 |  5.7
Spellcasting   | 3 5 |  5.4
Transmutations | 4 6 |  6.3
Air Magic      | 2 6 9 10 11 | 11.2
Evocations     | 4 10 12 | 12.5
Staves         | 5 |  5.4
Armour         | 1 |  1.7
Stealth        | |  4.8

Action                   |  1- 3 |  4- 6 |  7- 9 | 10-12 | 13-15 | 16-18 || total
-------------------------+-------+-------+-------+-------+-------+-------++-------
Melee: Short sword       |   111 |   184 |   431 |   503 |   907 |    52 ||  2188
       Tailslap          |    21 |    24 |    76 |    96 |   184 |    68 ||   469
       Punch             |     3 |     1 |    10 |     4 |     6 |       ||    24
       Staff             |       |       |       |       |       |   285 ||   285
 Cast: Stone Arrow       |       |       |       |   122 |    69 |       ||   191
       Irradiate         |       |       |       |    11 |    72 |    34 ||   117
       Arcjolt           |       |       |       |    11 |   130 |    85 ||   226
Invok: Curse Item        |       |       |     2 |     5 |     2 |     2 ||    11
       Shatter the Chain |       |       |       |       |     1 |     2 ||     3
Evoke: Wand              |       |       |       |     1 |     1 |     1 ||     3
       Phantom mirror    |       |       |       |     1 |       |       ||     1
       Phial of floods   |       |       |       |       |     1 |       ||     1
  Use: Scroll            |     3 |     5 |     4 |     2 |     9 |     2 ||    25
       Potion            |     1 |       |     3 |       |     2 |     5 ||    11
 Stab: Sleeping          |     5 |    21 |     5 |    12 |     9 |       ||    52
       Distracted        |       |     2 |     9 |     6 |    24 |     3 ||    44
       Paralysed         |       |       |       |    56 |   140 |    40 ||   236
Armor: Leather armour    |    41 |    44 |    72 |    44 |   120 |    39 ||   360
       Ring mail         |       |       |       |       |       |    17 ||    17
Dodge: Dodged            |    51 |    73 |   210 |   340 |   855 |   361 ||  1890
Block: Orb               |       |       |       |       |    32 |    81 ||   113
       Reflection        |       |       |       |       |     4 |    10 ||    14

Table legend: (Time is in decaauts)
 A = Elapsed time spent in this place.
 B = Non-inter-level travel time spent in this place.
 C = Inter-level travel time spent in this place.
 D = Time resting spent in this place.
 E = Time spent auto-exploring this place.
 F = Levels seen in this place.
 G = Mean time per level.
                   A        B        C        D        E       F      G
               +--------+--------+--------+--------+--------+-----+--------+
         Total |  39712 |  37609 |   2103 |   2707 |  28421 |  31 | 1281.0 |
       Dungeon |  18129 |  17031 |   1098 |   1264 |  12762 |  15 | 1208.6 |
          Lair |   9129 |   8530 |    599 |    333 |   6778 |   5 | 1825.8 |
        Shoals |    298 |    278 |     20 |      0 |    227 |   1 |  298.0 |
     Snake Pit |   6770 |   6494 |    276 |    565 |   5093 |   4 | 1692.5 |
  Orcish Mines |   2172 |   2064 |    108 |    122 |   1512 |   2 | 1086.0 |
       Ossuary |    666 |    666 |      0 |    216 |    203 |   1 |  666.0 |
        Bailey |    606 |    606 |      0 |    137 |    330 |   1 |  606.0 |
      Ice Cave |   1178 |   1178 |      0 |     70 |    913 |   1 | 1178.0 |
      Gauntlet |    760 |    760 |      0 |      0 |    602 |   1 |  760.0 |
               +--------+--------+--------+--------+--------+-----+--------+

Top non-repeatable levels by time:
  Lair:5: 2836 daAuts
 Snake:1: 2084 daAuts
 Snake:3: 1989 daAuts
    D:13: 1893 daAuts
  Lair:2: 1854 daAuts
  Lair:3: 1675 daAuts
     D:5: 1645 daAuts
     D:6: 1581 daAuts
    D:15: 1575 daAuts
 Snake:2: 1573 daAuts
  Lair:4: 1572 daAuts
     D:7: 1497 daAuts
    D:11: 1485 daAuts
   Orc:2: 1379 daAuts
  Lair:1: 1190 daAuts
